 Dungeon Crawl Stone Soup version 0.29-a0-857-g9b1aa3ac5b (webtiles) character file.

Game seed: 7642927393017472428

464 nxtlvl the Cutter (level 6, 0/36 HPs)
             Began as a Deep Elf Monk on July 17, 2022.
             Slain by a gnoll
             ... wielding a +0 flail
             ... led by a gnoll sergeant
              (6 damage)
             ... on level 5 of the Dungeon.
             The game lasted 00:15:03 (2260 turns).

nxtlvl the Cutter (Deep Elf Monk)                   Turns: 2260, Time: 00:15:04

Health: 0/36       AC:  3    Str:  8    XL:     6   Next: 80%
Magic:  8/8        EV: 14    Int: 17    God:
Gold:   196        SH:  0    Dex: 17    Spells: 5/5 levels left

rFire   . . .      SeeInvis .   a - +0 dagger (venom)
rCold   . . .      Faith    .   (no shield)
rNeg    . . .      Spirit   .   r - +0 robe
rPois   +          Reflect  .   (no helmet)
rElec   .          Harm     .   (no cloak)
rCorr   .          Rampage  .   n - +0 pair of gloves
Will    .....                   (no boots)
Stlth   ++........              (no amulet)
HPRegen 0.12/turn               e - ring of poison resistance
MPRegen 0.11/turn               p - +4 ring of slaying

@: no status effects
A: no striking features
a: no special abilities


You were on level 5 of the Dungeon.
You visited 1 branch of the dungeon, and saw 6 of its levels.

You collected 196 gold pieces.

Inventory:

Hand Weapons
 a - a +0 dagger of venom (weapon)
 b - a +2 short sword of freezing
 w - a +1 dagger of protection
Missiles
 d - 3 datura-tipped darts
 i - 15 poisoned darts (quivered)
 q - 4 atropa-tipped darts
 s - 16 stones
Armour
 n - a +0 pair of gloves (worn)
 o - an orb of light
 r - a +0 robe (worn)
Magical Staves
 x - a staff of conjuration
Jewellery
 e - a ring of poison resistance (left hand)
 g - a ring of see invisible
 p - a +4 ring of slaying (right hand)
Scrolls
 j - 2 scrolls of noise
 l - 2 scrolls of identify
 v - a scroll of magic mapping {unknown}
 y - a scroll of teleportation {unknown}
Potions
 c - 2 potions of ambrosia
 f - a potion of degeneration {unknown}
 h - 3 potions of heal wounds {unknown}
 k - a potion of brilliance {unknown}
 m - a potion of might {unknown}
 u - a potion of mutation {unknown}
 z - a potion of curing {unknown}


   Skills:
 - Level 2.4 Fighting
 + Level 7.2 Short Blades
 + Level 5.0 Dodging
 - Level 2.4 Stealth


You had 5 spell levels left.
You didn't know any spells.
Your spell library contained the following spells:

 Spells                   Type           Power      Damage    Failure   Level
 Shock                    Conj/Air       0%         1d3       24%         1
 Summon Small Mammal      Summ           0%         N/A       24%         1
 Passwall                 Tmut/Erth      0%         N/A       34%         2
 Sublimation of Blood     Necr           0%         N/A       34%         2
 Wereblood                Tmut           0%         N/A       34%         2
 Call Canine Familiar     Summ           0%         N/A       56%         3
 Summon Guardian Golem    Hex/Summ       0%         N/A       56%         3
 Swiftness                Air            0%         N/A       56%         3
 Airstrike                Air            0%         0-1+      93%         4
 Leda's Liquefaction      Hex/Erth       0%         N/A       93%         4
 Death Channel            Necr           0%         N/A       100%        6
 Summon Hydra             Summ           0%         N/A       100%        7
 Infestation              Necr           0%         N/A       100%        8


Dungeon Overview and Level Annotations

Branches:
Dungeon (6/15)
 Temple: D:4-7

Altars:
Cheibriados
Dithmenos
Okawaru
Uskayaw
Yredelemnul
Zin

Shops:
D:1 =

Annotations:
D:5 1 runed translucent door, Crazy Yiuf


Message History

The hound is moderately wounded.
The hound bites you but does no damage.
You miss the hound.
The hound is moderately wounded.
The hound bites you.
You hit the hound but do no damage.
The hound is heavily wounded.
The hound misses you.
You hit the hound.
The hound looks as sick as possible!
The hound is almost dead.
The hound misses you.
You miss the hound.
The hound is severely wounded.
You kill the hound!
Your Dodging skill increases to level 5!
HP restored.
You see here a hound corpse.
Found a stone staircase leading up.
There is a stone staircase leading down here.
There is a stone staircase leading up here.
You climb upwards.
Level annotation: 1 runed translucent door, Crazy Yiuf The gnoll shouts!
The centaur shouts!
The gnoll shouts!
The gnoll sergeant shouts!
The gnoll shouts!
The gnoll sergeant hits you with a +0 spear.
The gnoll shouts!
There is a stone staircase leading down here.
As you read the scroll labelled GYIHIUMYKY, it crumbles to dust.
It is a scroll of identify.
j - 2 scrolls of noise The gnoll closely misses you.
The gnoll barely misses you. The gnoll hits you with a +0 flail!
The gnoll closely misses you.
The gnoll sergeant hits you with a +0 spear!
As you read the scroll labelled VIAMNE MOAMUCK, it crumbles to dust.
It is a scroll of amnesia.
You feel forgetful for a moment. The gnoll misses you.
The gnoll sergeant hits you with a +0 spear.
* * * LOW HITPOINT WARNING * * *
The gnoll barely misses you. The gnoll hits you with a +0 flail.
You die...

##### #..)#
#...# )).
#+# ###
♣♣.♣
####..#####
♣.♣♣
#.....g...#
♣♣.♣ #.@g.#
♣.♣♣
......ggg.#
♣♣.♣♣
.#####.c..#
♣)P.♣♣
#....#
♣.P)P♣
#....#
#....#
###.##
#....# ###
#.# ##...#
#.## #.#
###.####..#
#.#


You could see a gnoll sergeant, a centaur and 4 gnolls.

Vanquished Creatures
  A phantom (D:5)
  A scorpion (D:5)
  4 hounds
  Jessica (D:2)
  Natasha (twice) (D:4)
  An iguana (D:5)
  3 gnolls (D:5)
  2 adders
  2 worms (D:3)
  A dart slug (D:6)
  4 orcs
  7 ball pythons
  3 bats
  5 endoplasms
  5 giant cockroaches
  3 goblins
  3 hobgoblins
  3 jackals
  A quokka (D:2)
  3 frilled lizards
  4 kobolds
  2 rats
61 creatures vanquished.

Notes
Turn   | Place    | Note
-------+----------+-------------------------------------------
     0 | D:1      | nxtlvl the Deep Elf Monk began the quest for the Orb.
     0 | D:1      | Reached XP level 1. HP: 13/13 MP: 3/3
   288 | D:1      | Found Hufeghofot's Jewellery Emporium.
   460 | D:2      | Reached XP level 2. HP: 14/18 MP: 4/4
   662 | D:3      | Reached skill level 4 in Short Blades
   736 | D:3      | Reached XP level 3. HP: 22/22 MP: 5/5
   820 | D:3      | Found an iron altar of Okawaru.
  1026 | D:2      | Noticed Jessica
  1032 | D:2      | Killed Jessica
  1033 | D:2      | Reached skill level 5 in Short Blades
  1033 | D:2      | Reached XP level 4. HP: 22/27 MP: 6/6
  1168 | D:4      | Got the Cyclopedia of Dusty Wicked Secrets
  1247 | D:3      | Found a faded altar of an unknown god.
  1365 | D:4      | Noticed Natasha
  1377 | D:4      | Killed Natasha
  1487 | D:4      | Noticed a phantom
  1521 | D:5      | Entered Level 5 of the Dungeon
  1559 | D:5      | Found a shadowy altar of Dithmenos.
  1559 | D:5      | Found a basalt altar of Yredelemnul.
  1560 | D:5      | Found a glowing silver altar of Zin.
  1573 | D:5      | Noticed a phantom
  1592 | D:5      | Noticed a scorpion
  1598 | D:5      | Killed a scorpion
  1599 | D:5      | Reached skill level 6 in Short Blades
  1599 | D:5      | Reached XP level 5. HP: 22/31 MP: 7/7
  1656 | D:4      | Noticed Natasha
  1673 | D:4      | Killed Natasha
  1816 | D:5      | Killed a phantom
  1817 | D:5      | Reached XP level 6. HP: 21/36 MP: 8/8
  1832 | D:5      | Noticed an ice beast
  1846 | D:5      | Noticed an ice beast
  1929 | D:5      | Reached skill level 7 in Short Blades
  1961 | D:5      | Found a runed translucent door.
  1962 | D:5      | Noticed Crazy Yiuf
  2080 | D:6      | Found a snail-covered altar of Cheibriados.
  2156 | D:6      | Identified the +9 arbalest of Callousness {venom, Fragile
                  | rN+++ Will- Dex+3}
  2189 | D:6      | Noticed a +0 hand axe
  2190 | D:6      | Noticed a +0 dagger
  2193 | D:6      | Found a hide-covered altar of Uskayaw.
  2204 | D:6      | Reached skill level 5 in Dodging
  2260 | D:5      | Slain by a gnoll

Illustrated notes

Levels and vault maps discovered:
D:1:      saegor_arrival_simple_b, layout_loops_corners, serial_shops,
          nicolae_lakefront_shop
D:2:      layout_basic, uniq_jessica
D:3:      minmay_skewed_foursquare, layout_rooms,
          mainiacjoe_overflow_cross_hatched, ebering_ecumenical_altar_petrified,
          minmay_misc_feat_doors, corexii_shack
D:4:      layout_basic, makhleb_altar_promises_db,
          corexii_item_surrounded_by_moat, corexii_corridor_pit, uniq_natasha
D:5:      layout_rooms, gammafunk_temple_overflow_claw, uniq_eustachio,
          uniq_crazy_yiuf_cottage
D:6:      layout_basic, dancing_weapons_uskayaw, kennysheep_slug_shrine,
          marbit_many_paths, minmay_temple_entry_large_hall

Skill      XL: |  1  2  3  4  5  6 |
---------------+-------------------+-----
Short Blades   | 4 5 6 7 |  7.2
Dodging        | 4 5 |  5.0
Fighting       | |  2.4
Stealth        | |  2.4

Action                   |  1- 3 |  4- 6 || total
-------------------------+-------+-------++-------
Melee: Short sword       |    69 |       ||    69
       Dagger            |     5 |   116 ||   121
Throw: Dart              |     9 |     4 ||    13
  Use: Scroll            |       |     2 ||     2
 Stab: Sleeping          |     6 |     5 ||    11
       Distracted        |     1 |       ||     1
Armor: Robe              |     7 |    12 ||    19
Dodge: Dodged            |    39 |    49 ||    88

Table legend: (Time is in decaauts)
 A = Elapsed time spent in this place.
 B = Non-inter-level travel time spent in this place.
 C = Inter-level travel time spent in this place.
 D = Time resting spent in this place.
 E = Time spent auto-exploring this place.
 F = Levels seen in this place.
 G = Mean time per level.
                   A        B        C        D        E       F      G
               +--------+--------+--------+--------+--------+-----+--------+
         Total |   2217 |   2121 |     96 |      0 |    370 |   6 |  369.5 |
       Dungeon |   2217 |   2121 |     96 |      0 |    370 |   6 |  369.5 |
               +--------+--------+--------+--------+--------+-----+--------+

Top non-repeatable levels by time:
     D:4: 512 daAuts
     D:1: 454 daAuts
     D:3: 423 daAuts
     D:5: 338 daAuts
     D:2: 291 daAuts
     D:6: 197 daAuts
